Overworld, lawful female human Monk ------------------ ---------[)(.^j..[.......--------- -------........[[[.....................------- ------....d.......................................------ ----..........@....................[......................---- ---........<............^.......`..............................--- ---........^.......`...............................................--- ---...............d.d.....e..............[...e...................(.....--- |............)......................F....................................| |ln..........................................................>...........| |........................................................................| ---..............).....................................................--- ---................................................................--- ---.....................................[......................--- ----....................................).................---- ------......................................`.....------ -------................................------- ---------................--------- ------------------ Overworld the Initiate Experience level: 8 Strength: 18 Dexterity: 16 Constitution: 13 Intelligence: 10 Wisdom: 13 Charisma: 9 Health: 0(58) Energy: 36(36) Def: 8 Gold: 0 Moves: 4741 Dungeon seed: -mt30Blvtgs7k6eX Game ID: Overworld_1539372516 Your Inventory: Amulets P - a cursed amulet of restful sleep named cursed R - an uncursed amulet of ESP named esp (being worn) Weapons j - a +0 spear K - the +0 Sting (alternate weapon; not wielded) Q - a +0 knife X - 10 +0 darts (in quiver) Armor e - an uncursed +2 pair of leather gloves (being worn) n - an uncursed greased +1 robe (being worn) q - an uncursed +0 alchemy smock B - an uncursed +0 orcish helm (being worn) H - an uncursed +0 pair of jumping boots (being worn) Comestibles u - 2 uncursed food rations Scrolls b - a blessed scroll of food detection d - an uncursed scroll of enchant weapon k - an uncursed scroll of light D - an uncursed scroll of destroy armor G - an uncursed scroll of enchant armor L - a cursed scroll of enchant armor N - an uncursed scroll of fire O - an uncursed scroll of teleportation S - 2 uncursed scrolls of amnesia W - an uncursed scroll of identify Spellbooks a - a blessed spellbook of protection s - an uncursed spellbook of cure sickness M - an uncursed spellbook of confuse monster Potions h - an uncursed potion of object detection i - an uncursed potion of see invisible m - 2 uncursed potions of speed o - a cursed potion of gain energy v - a cursed potion of gain ability w - an uncursed potion of sleeping x - an uncursed potion of invisibility z - 2 uncursed potions of healing C - 2 uncursed potions of oil F - an uncursed potion of water I - a blessed potion of gain ability Z - a blessed potion of extra healing Rings c - an uncursed ring of slow digestion f - an uncursed ring of searching g - an uncursed ring of protection from shape changers J - an uncursed ring of shock resistance U - an uncursed ring of invisibility Tools l - an uncursed mirror p - a can of grease (0:6) y - a can of grease (0:20) A - an uncursed blindfold E - an uncursed leash Gems T - an uncursed worthless piece of yellowish brown glass V - 2 uncursed worthless pieces of green glass Y - an uncursed worthless piece of white glass Spells and supernatural/magical abilities: Name Level Category Fail Memory p - protection 1 clerical 0% 77% u - confuse monster 2 enchantment 59% 87% K - cure sickness 3 healing 0% 94% W - pray for help -- divine ? -- Y - supernatural jump -- ability ? -- Your skills at the end: Fighting Skills martial arts [Skilled] Weapon Skills Spellcasting Skills healing spells [Basic] Final Attributes: You were piously aligned. You were sleep resistant. You were poison resistant. You saw invisible. You were telepathic. You were warned. You were stealthy. You could jump. You were fast. You are dead. Vanquished creatures: a wumpus a gelatinous cube a human mummy 2 giant spiders an ice vortex 3 ogres a brown pudding 2 Green-elves a housecat a human zombie a fire ant an imp a quasit a water nymph 8 Mordor orcs 5 Uruk-hai 2 rock piercers 2 rock moles a pony 2 fog clouds a violet fungus a gnomish wizard a kobold mummy a golden naga hatchling 2 elf zombies 3 giant ants a floating eye 2 kittens a dwarf a kobold lord a kobold shaman 7 rothes a monkey an orc zombie 2 dwarf zombies a wererat 4 iguanas 9 killer bees an acid blob a coyote a gas spore a hobbit a hobgoblin 11 giant rats 2 cave spiders a yellow mold 4 geckos a jackal 2 kobolds 3 goblins 4 sewer rats a grid bug 5 lichens 3 kobold zombies 9 newts 129 creatures vanquished. Voluntary challenges: You were vegetarian. You had followed a strict vegan diet until turn 1866. You had been an atheist until turn 1816. You used a wielded weapon 4 times, starting on turn 2489. You read items or engraved 28 times, starting on turn 903. You never genocided any monsters. You never polymorphed an object. You never changed form. You used no wishes. You never split a pudding. You wrote Elbereth's name 17 times, starting on turn 2267. You violated your moral code, losing 20 points of alignment, starting on turn 927. Dungeon overview: The Dungeons of Doom: levels 1 to 10 Level 1 an altar to Huan Ti a long staircase Level 2 a weapon shop, a fountain Level 3 Level 4 a general store, some fountains a long staircase Level 5 Level 6 Level 7 Level 8 a fountain Level 9 many fountains Level 10 <- You were here stairs to Sokoban Sokoban: Level 9 stairs to The Dungeons of Doom History has recorded: On T:1 you entered the Dungeons of Doom to retrieve the Amulet of Yendor! On T:199 you reached level 2 of The Dungeons of Doom. On T:476 you reached level 3 of The Dungeons of Doom. On T:561 you advanced to experience level 2. On T:806 you advanced to experience level 3. On T:819 you reached level 4 of The Dungeons of Doom. On T:897 you reached level 5 of The Dungeons of Doom. On T:1919 you advanced to experience level 4. On T:2053 you reached level 6 of The Dungeons of Doom. On T:2262 you advanced to experience level 5. On T:2316 you advanced to experience level 6. On T:2458 you reached level 7 of The Dungeons of Doom. On T:3059 you reached level 8 of The Dungeons of Doom. On T:3329 you advanced to experience level 7. On T:3384 you reached level 9 of The Dungeons of Doom. On T:3535 you reached level 10 of The Dungeons of Doom. On T:4068 you advanced to experience level 8. On T:4531 you reached level 4 of Sokoban. Score breakdown: Gold: 0 ( 0 points) Experience: 8 levels (14739 points) Exploration: 10 levels ( 21.28%) (13269 points) Discoveries: 7 items ( 2.50%) ( 4743 points) Valuables value: (no points given unless you survive) Artifact value: 800 ( 9877 points) Variety of kills: 55 monsters ( 14.44%) (11398 points) Turncount: 4741 turns (-1276 points) Survival: died (score multiplied by 80%) Total score: 42200 Latest messages: The gelatinous cube touches you! The little dog bites the gelatinous cube. The little dog is frozen by the gelatinous cube. The gelatinous cube touches you! You can move again. The dart hits the gelatinous cube. The dart hits the gelatinous cube. The dart hits the gelatinous cube. The dart misses the gelatinous cube. You displace your little dog. X - a dart (in quiver). X - 2 darts (in quiver). The dart hits the gelatinous cube. You kill the gelatinous cube! X - a dart (in quiver). There are a few more objects here. You have a very bad case of stomach acid. You die... Final status: Goodbye Overworld the Monk, killed by an acidic corpse... You died in The Dungeons of Doom on dungeon level 10 with 42200 points, and 0 pieces of gold, after 4741 moves. You were level 8 with a maximum of 58 hit points when you died.